 Dungeon Crawl Stone Soup version 0.31-a0-1-g4198be8af4 (webtiles) character file.

Game seed: 8989401499057236934

1817 sircluck the Cleaver (level 8, -4/71 HPs)
             Began as a Minotaur Fighter on May 2, 2023.
             Was an Initiate of Cheibriados.
             Slain by a vampire (11 damage)
             ... on level 6 of the Dungeon.
             The game lasted 00:10:16 (5659 turns).

sircluck the Cleaver (Minotaur Fighter)             Turns: 5659, Time: 00:10:17

Health: -4/71      AC:  7    Str: 24    XL:     8   Next: 85%
Magic:  7/7        EV: 10    Int:  6    God:    Cheibriados [......]
Gold:   148        SH:  0    Dex: 11    Spells: 7/7 levels left

rFire   . . .        v - +1 war axe (freeze)
rCold   . . .        c - +0 buckler
rNeg    . . .        b - +0 scale mail
rPois   .            (helmet restricted)
rElec   .            (no cloak)
rCorr   .            (no gloves)
SInv    .            (no boots)
Will    .....        (no amulet) Stlth
                     (no ring)
HPRegen 0.31/turn    (no ring)
MPRegen 0.10/turn

%: no passive effects
@: confused, very slow
A: horns 2, retaliatory headbutt
a: Renounce Religion


You were on level 6 of the Dungeon.
You worshipped Cheibriados.
Cheibriados was noncommittal.
You visited 2 branches of the dungeon, and saw 7 of its levels.

You collected 258 gold pieces.
You spent 110 gold pieces at shops.

Inventory:

Hand Weapons
 a - a +0 war axe
 v - a +1 war axe of freezing (weapon)
Armour
 b - a +0 scale mail (worn)
 c - a +0 buckler (worn)
 f - a +0 pair of gloves
Jewellery
 u - a +5 ring of evasion
Scrolls
 g - 3 scrolls of immolation {unknown}
 h - 4 scrolls of teleportation {unknown}
 i - a scroll of fog {unknown}
 m - a scroll of silence {unknown}
 n - a scroll of identify {unknown}
 p - 2 scrolls of blinking {unknown}
 r - 2 scrolls of poison {unknown}
 s - a scroll of magic mapping {unknown}
Potions
 d - 3 potions of might
 e - a potion of lignification {unknown}
 j - 4 potions of curing
 k - 2 potions of heal wounds {unknown}
 l - 2 potions of brilliance {unknown}
 o - a potion of berserk rage {unknown}
 q - a potion of haste {unknown}
 t - a potion of mutation {unknown}


   Skills:
 + Level 6.8 Fighting
 + Level 9.5 Axes
 + Level 7.3 Armour
 + Level 3.0 Dodging
 + Level 0.9 Stealth
 + Level 5.1 Shields


You had 7 spell levels left.
You didn't know any spells.
Your spell library contained the following spells:

 Spells                   Type           Power      Damage    Failure   Level
 Magic Dart               Conj           0%         1d3       78%         1
 Sandblast                Erth           0%         2d4       78%         1
 Sting                    Tmut/Pois      0%         1d3       78%         1
 Passwall                 Tmut/Erth      0%         N/A       89%         2
 Poisonous Vapours        Pois/Air       0%         N/A       89%         2
 Searing Ray              Conj           0%         2d4       89%         2
 Stone Arrow              Conj/Erth      0%         3d7       98%         3
 Fulminant Prism          Conj/Hex       0%         3d5       100%        4
 Olgreb's Toxic Radiance  Pois           0%         N/A       100%        4


Dungeon Overview and Level Annotations

Branches:
Dungeon (6/15)             Temple (1/1) D:5

Altars:
Cheibriados
Elyvilon
Fedhas
Gozag
Hepliaklqana
Kikubaaqudgha
Nemelex Xobeh
Okawaru
Ru
Sif Muna
Trog
Xom
Yredelemnul
Zin
The Shining One

Shops:
D:5 (


Innate Abilities, Weirdness & Mutations

You have a pair of horns on your head.
You reflexively headbutt those who attack you in melee.


Message History

No target in view!
There is a strange disturbance nearby!
No target in view!
There is a strange disturbance nearby!
No target in view!
There is a strange disturbance nearby!
No target in view!
No target in view!
No target in view!
You barely miss something. Your headbutt misses something. Something hits you.
Something bites you.
Something draws strength from your injuries!
You hit something but do no damage. Your headbutt misses something.
Something hits you. Something bites you.
Something draws strength from your injuries!
You hit something. You freeze something. You headbutt something.
Something hits you! Something bites you.
Something draws strength from your injuries!
You closely miss something. Your headbutt misses something.
Something hits you but does no damage. Something bites you!
Something draws strength from your injuries!
You miss something. You block something's attack. Something bites you!
Something draws strength from your injuries!
You hit something. You freeze something. Something hits you but does no damage.
Something bites you but does no damage.
You hit something. You freeze something.
You hear some strange, mumbled words.
You are confused.
You bump into the rock wall.
Something hits you. Something bites you!
* * * LOW HITPOINT WARNING * * *
Something draws strength from your injuries!
You bump into the rock wall.
Something hits you.
* * * LOW HITPOINT WARNING * * *
Something bites you but does no damage.
You're too confused to move!
Something hits you but does no damage. Something bites you!
* * * LOW HITPOINT WARNING * * *
Something draws strength from your injuries!
You bump into the rock wall.
Something hits you!
You die...

#.######
#.#....#
#....#.#
#..<.#.###
#..#.#...#
#...†....#######
#..............#
#.......#.####.#
#....##...# #@#
#....##.### #{#
.........# #.#
#...##.#### #.#
..>. ... ..# ###


There were no monsters in sight!

Vanquished Creatures
  Grinder (D:3)
  The ghost of superbruh the Chopper, an amateur MiCK of Xom (D:4)
  Eustachio (D:4)
  An ice beast (D:5)
  2 ogres
  The ghost of TheSexyCheese the Firebug, an amateur DsFE (D:3)
  A phantom (D:4)
  Blork the orc (D:5)
  3 scorpions
  A water moccasin zombie (D:4)
  A wyvern skeleton (D:4)
  A howler monkey (D:5)
  A bullfrog zombie (D:4)
  4 orc priests
  A hound (D:4)
  A jelly (D:4)
  A bullfrog skeleton (D:4)
  5 iguanas
  An orc wizard (D:5)
  4 adders
  A white imp (D:5)
  2 dart slugs
  12 orcs
  4 bats
  5 endoplasms
  2 giant cockroaches
  5 goblins
  6 hobgoblins
  7 jackals
  A quokka (D:3)
  3 ball pythons
  3 frilled lizards
  6 kobolds
  8 rats
98 creatures vanquished.

Notes
Turn   | Place    | Note
-------+----------+-------------------------------------------
     0 | D:1      | sircluck the Minotaur Fighter began the quest for the Orb.
     0 | D:1      | Reached XP level 1. HP: 19/19 MP: 0/0
   668 | D:1      | Reached XP level 2. HP: 27/27 MP: 1/1
   839 | D:1      | Reached skill level 3 in Axes
  1284 | D:2      | Found a blossoming altar of Fedhas.
  1330 | D:2      | Reached XP level 3. HP: 33/33 MP: 2/2
  1358 | D:2      | Identified the +5 hand axe of Famine {heavy, rElec}
  2144 | D:3      | Found a glowing golden altar of the Shining One.
  2222 | D:3      | Found a runed translucent door.
  2224 | D:3      | Noticed TheSexyCheese's ghost (amateur DsFE)
  2243 | D:3      | Noticed Grinder
  2244 | D:3      | Reached XP level 4. HP: 26/40 MP: 3/3
  2762 | D:3      | Reached skill level 4 in Axes
  2775 | D:3      | Killed Grinder
  2776 | D:3      | Reached skill level 5 in Axes
  2776 | D:3      | Reached skill level 5 in Armour
  2776 | D:3      | Reached skill level 1 in Dodging
  2776 | D:3      | Reached XP level 5. HP: 34/47 MP: 4/4
  2776 | D:3      | Reached XP level 6. HP: 38/53 MP: 5/5
  3076 | D:3      | Killed TheSexyCheese's ghost
  3077 | D:3      | Reached skill level 6 in Axes
  3169 | D:4      | Reached skill level 5 in Fighting
  3182 | D:4      | Found a transporter.
  3185 | D:4      | Noticed superbruh's ghost (amateur MiCK)
  3187 | D:4      | Found a transporter.
  3258 | D:4      | Noticed Eustachio
  3274 | D:4      | Killed Eustachio
  3275 | D:4      | Reached XP level 7. HP: 52/61 MP: 6/6
  3333 | D:4      | Reached skill level 7 in Axes
  3397 | D:4      | Identified the +0 robe of Cheibriados's Pride {rCorr Str+4
                  | Dex-5 SInv}
  3985 | D:4      | Killed superbruh's ghost
  3986 | D:4      | Reached skill level 8 in Axes
  3986 | D:4      | Reached XP level 8. HP: 31/70 MP: 7/7
  4217 | D:5      | Entered Level 5 of the Dungeon
  4545 | D:5      | Noticed Blork the orc
  4550 | D:5      | Killed Blork the orc
  4551 | D:5      | Reached skill level 9 in Axes
  4633 | D:5      | Reached skill level 5 in Shields
  4970 | D:5      | Found a staircase to the Ecumenical Temple.
  5038 | D:5      | Identified the +4 leather armour "Gimoobys" {Str+3}
  5111 | D:5      | Found Kevyrph's Antique Weapon Shoppe.
  5119 | D:5      | Bought a runed war axe for 110 gold pieces
  5411 | Temple   | Entered the Ecumenical Temple
  5602 | Temple   | Became a worshipper of Cheibriados the Contemplative
  5659 | D:6      | Slain by a vampire

Illustrated notes

Levels and vault maps discovered:
D:1:      dpeg_arrival_short_road, layout_loops_corners, minmay_fountain_box,
          grunt_decor_mini_mirrors, dreamdust_princess_bridge
D:2:      layout_loops_ring, basic_altar
D:3:      layout_rooms, lemuel_crystal_altar, ebering_ghost_reflecting_pool,
          minmay_misc_feat_secret_circle, uniq_grinder
D:4:      layout_loops_ring, gammafunk_ghost_mausoleum, uniq_eustachio
D:5:      layout_cave_pools, minmay_temple_entry_junction, serial_shops, shop,
          uniq_blork_the_orc
D:6:      layout_basic, kennysheep_generic_room_9
Temple:   eino_narrow_crystal_temple

Skill      XL: |  1  2  3  4  5  6  7  8 |
---------------+-------------------------+-----
Axes           | 3 5 6 8 9 |  9.5
Fighting       | 4 5 6 |  6.8
Armour         | 4 5 6 7 |  7.3
Shields        | 4 5 |  5.1
Dodging        | 1 2 3 |  3.0
Stealth        | |  0.9

Action                     |  1- 3 |  4- 6 |  7- 9 || total
---------------------------+-------+-------+-------++-------
  Melee: War axe           |    81 |    63 |   150 ||   294
         Headbutt          |     6 |    11 |    32 ||    49
    Use: Potion            |       |       |     1 ||     1
 Armour: Scale mail        |    47 |    30 |    67 ||   144
  Dodge: Dodged            |    37 |    34 |    56 ||   127
  Block: Buckler           |    12 |    18 |    25 ||    55

Table legend: (Time is in decaauts)
 A = Elapsed time spent in this place.
 B = Non-inter-level travel time spent in this place.
 C = Inter-level travel time spent in this place.
 D = Time resting spent in this place.
 E = Time spent auto-exploring this place.
 F = Levels seen in this place.
 G = Mean time per level.
                   A        B        C        D        E       F      G
               +--------+--------+--------+--------+--------+-----+--------+
         Total |   5736 |   5291 |    445 |    933 |   3215 |   7 |  819.4 |
       Dungeon |   5535 |   5154 |    381 |    933 |   3085 |   6 |  922.5 |
        Temple |    201 |    138 |     63 |      0 |    130 |   1 |  201.0 |
               +--------+--------+--------+--------+--------+-----+--------+

Top non-repeatable levels by time:
     D:2: 1509 daAuts
     D:5: 1219 daAuts
     D:1: 1135 daAuts
     D:4: 1113 daAuts
     D:3: 519 daAuts
  Temple: 201 daAuts
     D:6: 38 daAuts
